 Dungeon Crawl Stone Soup version 0.32-a0-841-g4648e6c457 (webtiles) character file.

Game seed: 343365939134588414

398 ezpacito the Chopper (level 6, -5/48 HPs)
             Began as a Coglin Chaos Knight on Mar 26, 2024.
             Was a Plaything of Xom.
             Slain by a kobold brigand
             ... wielding a +0 short sword
              (8 damage)
             ... in a sewer.
             The game lasted 00:03:50 (2016 turns).

ezpacito the Chopper (Coglin Chaos Knight)          Turns: 2016, Time: 00:03:50

Health: -5/48      AC:  7    Str: 15    XL:     6   Next: 83%
Magic:  6/8        EV: 11    Int: 11    God:    Xom [.*....]
Gold:   129        SH:  0    Dex: 13    Spells: 7/7 levels left

rFire   . . .        a - +1 hand axe (chaos) {Araceli}
rCold   . . .        m - +0 spear {Prani}
rNeg    . . .        b - +2 leather armour
rPois   .            h - +0 helmet
rElec   .            (no cloak)
rCorr   .            n - +0 pair of gloves
SInv    .            (no boots)
Will    .....        (amulet unavailable)
Stlth   ++           (ring unavailable)
HPRegen 0.28/turn    (ring unavailable)
MPRegen 0.11/turn    (no gizmo)

%: no passive effects
@: mighty, brilliant, lethally poisoned (-5 -> -11), attractive, revved
A: off-hand wielding, slow wielding, warmup strikes, no jewellery
a: Invent Gizmo, Renounce Religion


You were in a sewer.
You worshipped Xom.
You were a plaything of Xom.
You visited 1 branch of the dungeon, and saw 3 of its levels.
You also visited: Sewer.

You collected 129 gold pieces.

Inventory:

Hand Weapons
 a - a +1 hand axe of chaos (weapon) {Araceli}
 m - a +0 spear (offhand) {Prani}
Missiles
 j - 11 poisoned darts (quivered)
Armour
 b - a +2 leather armour (worn)
 f - a +0 plate armour
 h - a +0 helmet (worn)
 n - a +0 pair of gloves (worn)
Talismans
 k - a flux talisman
Scrolls
 c - a scroll of butterflies
 g - a scroll of enchant weapon
 q - a scroll of immolation {unknown}
 t - 3 scrolls of teleportation
Potions
 e - a potion of mutation
 r - 2 potions of magic


   Skills:
 * Level 4.0 Fighting
 * Level 4.1(4.3) Axes
 + Level 1.7(3.0) Polearms
 * Level 3.0 Armour
 * Level 2.6 Dodging
 + Level 1.6 Stealth
 + Level 1.3 Spellcasting


You had 7 spell levels left.
You didn't know any spells.
Your spell library contained the following spells:

 Spells                   Type           Power      Damage    Failure   Level
 Volatile Blastmotes      Fire/Tloc      2%         2d10      75%         3
 Cause Fear               Hex            0%         N/A       98%         4
 Fulminant Prism          Conj/Alch      0%         3d5       98%         4
 Iskenderun's Mystic Bla  Conj/Tloc      1%         2d3       98%         4
 Fireball                 Conj/Fire      0%         3d3       100%        5
 Dragon's Call            Summ           0%         N/A       100%        9


Dungeon Overview and Level Annotations

Branches:
Dungeon (3/15)              Sewer (1/1)

Altars:


Innate Abilities, Weirdness & Mutations

You can wield a second weapon in your off-hand.
It takes a long time for you to wield or remove held weapons.
Your first few attacks do less damage.
You cannot equip rings or amulets.


Message History

Your butterfly dies!
Your butterfly disappears in a burst of colours!
The kobold is attracted toward you.
The kobold brigand is attracted toward you.
The kobold is attracted toward you. The shadow imp is attracted toward you.
The kobold is attracted toward you.
You take 6 damage, and have 11/48 hp.
You barely miss the phantom with your +1 hand axe of chaos.
The phantom is heavily damaged.
You hit the kobold brigand but do no damage.
You hit the kobold with your +1 hand axe of chaos.
You kill the kobold!
You closely miss the phantom with your +0 spear.
* * * LOW HITPOINT WARNING * * *
You feel very sick. The phantom closely misses you.
The kobold brigand hits you with a +0 short sword.
* * * LOW HITPOINT WARNING * * *
The kobold misses your butterfly. The kobold misses your ufetubus.
The kobold is attracted toward you.
You take 6 damage, and have 5/48 hp.
Okay, then.
Okay, then.
As you read the scroll of butterflies, it crumbles to dust.
You hear the flapping of tiny wings.
Your butterfly is knocked back by the sudden gust.
The shadow imp is knocked back by the sudden gust.
Your butterfly is knocked back by the sudden gust.
The phantom is knocked back by the sudden gust.
The kobold brigand is knocked back by the sudden gust.
Your butterfly is knocked back by the sudden gust.
* * * LOW HITPOINT WARNING * * *
You feel sick. The ufetubus misses your butterfly.
The ufetubus barely misses your butterfly.
Your ufetubus barely misses the shadow imp.
Your ufetubus closely misses the shadow imp.
Something closely misses your butterfly.
The kobold brigand hits you with a +0 short sword!
You die...
Xom cackles wildly!

≈≈≈~~.'.~~#
≈≈≈~~.#.~≈##~...~#
≈≈≈≈~.#.~~##≈...≈#
≈≈≈~~.#)~≈# ≈b.b≈#
≈≈≈~..#.~≈###'bb##
≈~~...#..≈##b..bb## ####
#≈#.####.###..bbb.#~≈b≈~
....≈≈#...#b.bbbbbb.bb..
..)≈≈≈~.K.'.bWbb@bb.b...
....≈≈#..†#†b.bKbbbbb...
###.####.###bbb5bb#≈~~~≈
~~~...#..≈##§b55§## ####
≈≈~~..#.~≈###bKb##
≈≈≈≈~.#..~##≈bbb~#
≈≈≈~~.#.~~##≈Kbb§#
≈≈≈~..#.~≈##bbbb≈#
≈≈≈≈~.'..~##b.b.b#


You could see a kobold brigand (ally target), a phantom (ally target), a shadow
imp (ally target), an ufetubus (ally target), a kobold (ally target) and a
friendly ufetubus (summoned).

Vanquished Creatures
  Natasha (thrice) (D:2)
  Robin (D:2)
  2 shadow imps (Sewer)
  2 ufetubi (Sewer)
  A ribbon worm (D:3)
  12 bats
  5 endoplasms
  4 giant cockroaches
  10 goblins
  6 hobgoblins
  3 jackals (D:1)
  5 quokkas
  8 ball pythons
  A giant cockroach zombie (Sewer)
  13 kobolds
  4 rats
80 creatures vanquished.

Vanquished Creatures (collateral kills)
  Grinder (Sewer)
1 creature vanquished.

Grand Total: 81 creatures vanquished

Notes
Turn   | Place    | Note
-------+----------+-------------------------------------------
     0 | D:1      | ezpacito the Coglin Chaos Knight began the quest for the
                  | Orb.
     0 | D:1      | Reached XP level 1. HP: 18/18 MP: 1/1
   116 | D:1      | Reached skill level 1 in Dodging
   123 | D:1      | Reached XP level 2. HP: 16/24 MP: 2/2
   246 | D:1      | XOM: silly message
   251 | D:1      | XOM: silly message
   294 | D:1      | XOM: silly message
   324 | D:1      | Reached XP level 3. HP: 29/29 MP: 3/3
   712 | D:2      | Noticed Robin
   712 | D:2      | Found a faded altar of an unknown god.
   818 | D:2      | Killed Robin
   859 | D:2      | XOM: divination: detect creatures
  1011 | D:2      | XOM: god gift: scroll labelled NIAGRE IKOUSO {god gift}
  1024 | D:2      | Reached XP level 4. HP: 35/35 MP: 4/4
  1060 | D:2      | Noticed Natasha
  1065 | D:2      | Killed Natasha
  1066 | D:2      | Reached skill level 1 in Polearms
  1066 | D:2      | Reached skill level 1 in Stealth
  1148 | D:2      | Noticed Natasha
  1158 | D:2      | Killed Natasha
  1159 | D:2      | Reached XP level 5. HP: 16/41 MP: 4/6
  1165 | D:2      | XOM: 1-stop teleportation journey
  1395 | D:2      | Noticed Natasha
  1403 | D:2      | Killed Natasha
  1719 | D:3      | XOM: smoke on damage
  1728 | D:3      | Found a glowing drain.
  1732 | D:3      | Reached skill level 1 in Spellcasting
  1771 | Sewer    | Entered a sewer
  1865 | Sewer    | XOM: god gift: 36 gold pieces
  1991 | Sewer    | Found an ancient bone altar of Kikubaaqudgha.
  1991 | Sewer    | Noticed a kobold brigand
  2001 | Sewer    | Noticed Grinder
  2002 | Sewer    | Noticed a phantom
  2010 | Sewer    | XOM: summons friendly ufetubus
  2012 | Sewer    | Killed Grinder
  2013 | Sewer    | Reached XP level 6. HP: 17/48 MP: 6/8
  2016 | Sewer    | Slain by a kobold brigand

Illustrated notes

Levels and vault maps discovered:
D:1:      hellmonk_arrival_library, layout_rooms, serial_forest,
          infiniplex_forest_straight_2, infiniplex_forest_end_3,
          infiniplex_forest_lined_corner, infiniplex_forest_lined_1,
          infiniplex_forest_end_2, infiniplex_forest_clump_double,
          infiniplex_forest_corner_1, minmay_heptomino_w4
D:2:      layout_loops_ring, nicolae_ecumenical_pavilion, uniq_natasha,
          uniq_robin
D:3:      layout_basic, cheibrodos_sewer_entry_drain,
          hellmonk_ghost_happy_afterlife
Sewer:    kennysheep_sewer_church

Skill      XL: |  1  2  3  4  5 |
---------------+----------------+-----
Dodging        | 1 2 |  2.6
Armour         | 2 3 |  3.0
Polearms       | 1 |  1.7
Stealth        | 1 |  1.6
Spellcasting   | 1 |  1.3
Fighting       | 4 |  4.0
Axes           | 4 |  4.1

Action                     |  1- 3 |  4- 6 || total
---------------------------+-------+-------++-------
  Melee: Hand axe          |   101 |    65 ||   166
         Dagger            |    92 |       ||    92
         Spear             |    11 |    75 ||    86
    Use: Scroll            |       |    10 ||    10
         Potion            |       |     5 ||     5
   Stab: Sleeping          |     1 |     1 ||     2
 Armour: Leather armour    |    64 |   106 ||   170
  Dodge: Dodged            |    55 |    79 ||   134

Table legend: (Time is in decaauts)
 A = Elapsed time spent in this place.
 B = Non-inter-level travel time spent in this place.
 C = Inter-level travel time spent in this place.
 D = Time resting spent in this place.
 E = Time spent auto-exploring this place.
 F = Levels seen in this place.
 G = Mean time per level.
                   A        B        C        D        E       F      G
               +--------+--------+--------+--------+--------+-----+--------+
         Total |   2039 |   2011 |     28 |     66 |   1298 |   4 |  509.8 |
       Dungeon |   1785 |   1757 |     28 |     66 |   1167 |   3 |  595.0 |
         Sewer |    253 |    253 |      0 |      0 |    131 |   1 |  253.0 |
               +--------+--------+--------+--------+--------+-----+--------+

Top non-repeatable levels by time:
     D:1: 816 daAuts
     D:2: 795 daAuts
   Sewer: 253 daAuts
     D:3: 174 daAuts
